 Dungeon Crawl Stone Soup version 0.29.1 (webtiles) character file.

Game seed: 8771048012667025173

6 raistware the Conjurer (level 1, 0/11 HPs)
             Began as an Octopode Conjurer on Sept 12, 2022.
             Slain by a jackal (1 damage)
             ... on level 1 of the Dungeon.
             The game lasted 00:00:20 (108 turns).

raistware the Conjurer (Octopode Conjurer)           Turns: 108, Time: 00:00:21

Health: 0/11       AC:  1    Str:  6    XL:     1   Next: 90%
Magic:  0/4        EV: 13    Int: 20    God:
Gold:   0          SH:  0    Dex: 10    Spells: 4/5 levels left

rFire   . . .      SeeInvis .   (no weapon)
rCold   . . .      Faith    .   (no shield)
rNeg    . . .      Spirit   .   (helmet restricted)
rPois   .          Reflect  .   (no amulet)
rElec   .          Harm     .   (no ring)
rCorr   .          Rampage  .   (no ring)
Will    .....                   (no ring)
Stlth   +++.......              (no ring)
HPRegen 0.03/turn               (no ring)
MPRegen 0.09/turn               (no ring)
                                (no ring)
                                (no ring)

@: no status effects
A: almost no armour, amphibious, 8 rings, camouflage 1, gelatinous body 1,
(nimble swimmer 1), tentacles
a: no special abilities


You were on level 1 of the Dungeon.
You visited 1 branch of the dungeon, and saw 1 of its levels.

Inventory:

Scrolls
 b - a scroll of identify {unknown}
Potions
 a - a potion of magic
 c - a potion of lignification {unknown}


   Skills:
 - Level 2.0 Dodging
 - Level 2.6 Stealth
 + Level 2.5 Spellcasting
 - Level 4.0 Conjurations


You had 4 spell levels left.
You knew the following spells:

 Your Spells              Type           Power      Damage    Failure   Level
a - Magic Dart            Conj           72%        1d6       3%          1

Your spell library contained the following spells:

 Spells                   Type           Power      Damage    Failure   Level
 Searing Ray              Conj           36%        2d5       4%          2
 Dazzling Flash           Conj/Hex       20%        N/A       21%         3
 Fulminant Prism          Conj/Hex       5%         3d7       54%         4
 Iskenderun's Mystic Bla  Conj/Tloc      10%        2d4       54%         4


Dungeon Overview and Level Annotations

Branches:
Dungeon (1/15)

Altars:


Innate Abilities, Weirdness & Mutations

You cannot wear most types of armour.
You are amphibious.
You can wear up to eight rings at the same time.
Your skin changes colour to match your surroundings (Stealth+).
Your rubbery body absorbs attacks. (AC +1, EV +1)
((You are camouflaged when in or above water. (Stealth+)))
You have tentacles for arms and can constrict up to eight enemies at once.


Message History

You constrict the jackal, but do no damage.
The jackal bites you.
You tentacle-slap the jackal.
The jackal is lightly wounded.
You constrict the jackal, but do no damage.
The jackal closely misses you.
You barely miss the jackal. You squeeze the jackal.
The jackal is moderately wounded.
You constrict the jackal. The jackal bites you. x2
You tentacle-slap the jackal but do no damage.
You squeeze the jackal, but do no damage.
The jackal is heavily wounded.
You constrict the jackal. The jackal misses you.
You tentacle-slap the jackal but do no damage.
You squeeze the jackal.
You kill the jackal!
The jackal barely misses you.
You tentacle-slap the jackal but do no damage.
Your grab misses the jackal. You squeeze the jackal.
The jackal is severely wounded.
The jackal bites you.
* * * LOW HITPOINT WARNING * * *
Casting: Magic Dart (safe; 3% risk of failure)
Confirm with . or Enter, or press ? or * to list all spells.
Aiming: Magic Dart (safe; 3% risk of failure)
Press: ? - help, Shift-Dir - straight line, f/p - jackal
Aim: a jackal (severely wounded, 100% to hit)
The magic dart hits the jackal.
The jackal is almost dead.
The jackal bites you.
* * * LOW HITPOINT WARNING * * *
Casting: Magic Dart (safe; 3% risk of failure)
Confirm with . or Enter, or press ? or * to list all spells.
Aiming: Magic Dart (safe; 3% risk of failure)
Press: ? - help, Shift-Dir - straight line, f/p - jackal
Aim: a jackal (almost dead, 100% to hit)
The magic dart hits the jackal.
You kill the jackal!
The jackal bites you.
You die...

#..... .... .......♣.. #.....#
##... ##............ #......
.... # .∩............ #......
#.. .# ##............
#......##.###.# #............♣
#......#.#... #.....♣.......
#........#.# #.............
.......##...#######..........<.#
...?h.. #.....h@..∩...........##
....h.. ###...##.##...♣......##
...†... #...##..##........~#
....### #...###..######♣♣###
#### #...# .... #...# .....
#...# .....# #...# .....# .....#


You could see a jackal.

Vanquished Creatures
  A ball python (D:1)
  An endoplasm (D:1)
  3 jackals (D:1)
  A frilled lizard (D:1)
6 creatures vanquished.

Notes
Turn   | Place    | Note
-------+----------+-------------------------------------------
     0 | D:1      | raistware the Octopode Conjurer began the quest for the
                  | Orb.
     0 | D:1      | Reached XP level 1. HP: 11/11 MP: 3/3
   108 | D:1      | Slain by a jackal

Illustrated notes

Levels and vault maps discovered:
D:1:      nzn_arrival_settlement, layout_basic

Action                   || total
-------------------------++-------
Melee: Unarmed           ||    10
       Tentacles         ||     4
       Constrict         ||     2
 Cast: Magic Dart        ||     8
Dodge: Dodged            ||     7
